AoeStats
← GhostPants

Arena

510166225Analyzed
3v3 RM · 24h ago on Sep 29, 2026· 57m 21s· 6 players
Game mode
Random Map
Map size
Normal (6 player)
Population
200
Speed
Normal
Resources
Standard
Victory
Conquest
Starting age
Dark Age
Ending age
Imperial Age
RankedLock teamsTeams togetherTeam positionsShared explorationLock speedFull tech treeHidden civsTurbo modeCheats
Victory
Defeat
🇨🇾 Byzantines · Cyprus
1037
+16
🇨🇾 Burgundians · Cyprus
1011
+17
🇨🇾 Spanish · Cyprus
998
+17
🇷🇸 Saxons · Serbia
1046
-17
🇷🇸 Romans · Serbia
1040
-17
🇷🇸 Italians · Serbia
1007
-16
Polis
6:44 Double-Bit Axe
8:36 Wheelbarrow
7:46 Loom
12:11 Feudal Age
12:35 Wheelbarrow
12:11 Horse Collar
18:23 Castle Age
18:10 Bow Saw
20:29 Two-Man Saw
21:35 Hand Cart
21:09 Town Watch
22:27 Heavy Plow
28:01 Town Patrol
27:47 Loom
31:31 Imperial Age
30:01 Husbandry
29:34 Cavalier
34:35 Crop Rotation
36:47 Conscription
36:37 Burgundian Vineyards
36:46 Herbal Medicine
37:45 Forging
37:40 Scale Barding Armor
37:27 Fletching
37:37 Padded Archer Armor
37:37 Scale Mail Armor
37:53 Masonry
37:24 Treadmill Crane
38:04 Ballistics
38:46 Chemistry
37:39 Paladin
41:22 Onager
42:48 Elite Coustillier
44:17 Iron Casting
43:58 Chain Mail Armor
43:38 Bodkin Arrow
43:58 Leather Archer Armor
44:04 Chain Barding Armor
45:58 Blast Furnace
50:06 Gold Mining
50:06 Stone Mining
51:09 Capped Ram
52:56 Architecture
52:22 Murder Holes
53:24 Gold Shaft Mining
53:24 Stone Shaft Mining
54:09 Plate Mail Armor
54:14 Plate Barding Armor
53:40 Bracer
57:49 Caravan
Freaky GHOSTMAN cY
10:39 Feudal Age
15:11 Castle Age
15:21 Wheelbarrow
14:34 Double-Bit Axe
14:43 Horse Collar
15:20 Loom
18:24 Gold Mining
22:49 Gold Mining
24:52 Bow Saw
28:54 Imperial Age
26:35 Stone Mining
27:22 Gold Shaft Mining
26:53 Heavy Plow
28:01 Hand Cart
28:51 Fortified Wall
28:22 Treadmill Crane
28:38 Murder Holes
29:51 Forging
29:46 Scale Barding Armor
31:15 Husbandry
30:36 Cavalier
31:55 Iron Casting
31:40 Chain Barding Armor
32:29 Conscription
33:20 Paladin
34:49 Elite Skirmisher
35:34 Thumb Ring
36:03 Fletching
36:14 Padded Archer Armor
37:51 Plate Barding Armor
41:07 Two-Man Saw
40:44 Crop Rotation
41:38 Chemistry
40:58 Ballistics
43:48 Bodkin Arrow
44:09 Leather Archer Armor
45:01 Bracer
48:54 Gambesons
49:09 Squires
49:43 Ring Archer Armor
49:13 Scale Mail Armor
49:42 Caravan
49:40 Capped Ram
50:55 Siege Ram
53:07 Chain Mail Armor
GhostPants
3:21 Loom
10:59 Feudal Age
11:22 Horse Collar
11:29 Double-Bit Axe
16:39 Castle Age
16:40 Double-Bit Axe
16:37 Horse Collar
21:30 Bow Saw
21:22 Heavy Plow
29:10 Imperial Age
27:46 Wheelbarrow
28:29 Gold Mining
28:29 Stone Mining
29:06 Scale Barding Armor
29:12 Forging
28:53 Fletching
29:27 Hand Cart
29:41 Bloodlines
29:24 Cavalier
31:27 Chemistry
32:11 Ballistics
32:02 Fortified Wall
31:51 Town Watch
33:10 Stone Shaft Mining
33:00 Husbandry
36:06 Paladin
37:12 Chain Barding Armor
37:28 Iron Casting
38:15 Two-Man Saw
40:22 Caravan
40:42 Guilds
41:32 Town Patrol
42:11 Plate Barding Armor
42:37 Blast Furnace
41:39 Padded Archer Armor
43:02 Coinage
44:04 Light Cavalry
45:26 Murder Holes
45:52 Bombard Tower
45:43 Masonry
45:12 Hussar
48:08 Banking
49:19 Scale Mail Armor
49:15 Bodkin Arrow
49:36 Leather Archer Armor
49:45 Conscription
49:46 Supremacy
50:02 Hoardings
48:59 Sappers
49:29 Inquisition
55:46 Bracer
56:18 Ring Archer Armor
56:04 Chain Mail Armor
Sasa - NS
11:40 Feudal Age
16:14 Castle Age
14:35 Double-Bit Axe
14:34 Horse Collar
14:47 Stone Mining
15:18 Gold Mining
16:41 Wheelbarrow
18:00 Bow Saw
17:53 Heavy Plow
26:03 Ballistas
27:10 Ballistics
27:01 Fortified Wall
26:17 Pikeman
27:57 Hand Cart
33:29 Imperial Age
30:45 Town Watch
33:33 Heavy Scorpion
34:18 Town Patrol
34:03 Loom
36:46 Crop Rotation
36:23 Scale Mail Armor
36:34 Forging
37:05 Siege Engineers
38:00 Chemistry
36:54 Halberdier
38:07 Squires
39:42 Chain Mail Armor
40:03 Iron Casting
40:46 Gold Shaft Mining
40:34 Conscription
46:55 Blast Furnace
marko0311
10:24 Feudal Age
14:16 Castle Age
13:26 Double-Bit Axe
20:06 Imperial Age
20:45 Masonry
21:49 Chemistry
22:57 Squires
35:13 Pikeman
35:38 Arson
40:32 Padded Archer Armor
40:43 Horse Collar
46:00 Ballistics
52:12 Fletching
52:51 Loom
53:41 Wheelbarrow
Mr. Peacemaker
11:58 Feudal Age
15:40 Castle Age
14:23 Double-Bit Axe
14:20 Horse Collar
22:49 Bow Saw
24:08 Heavy Plow
26:47 Wheelbarrow
30:43 Imperial Age
29:44 Hand Cart
30:48 Ballistics
30:09 Treadmill Crane
30:40 Masonry
32:04 Forging
31:55 Scale Mail Armor
31:45 Pikeman
32:27 Squires
32:43 Shield Wall
34:33 Iron Casting
34:13 Chain Mail Armor
35:10 Conscription
35:59 Siege Engineers
36:06 Fortified Wall
35:44 Heavy Scorpion
40:25 Gold Mining
40:26 Stone Mining
43:17 Chemistry
42:49 Architecture
42:15 Murder Holes
45:38 Halberdier
50:50 Plate Mail Armor
50:12 Fletching
50:23 Padded Archer Armor
56:23 Bodkin Arrow
56:36 Scale Barding Armor
Connection lost

Rejoining the realm…

Still unreachable

The connection could not be restored.

Session expired

The server has moved on; the page needs a fresh start.